AoeStats
← PannaCota5749

Black Forest

509764646Analyzed
4v4 RM · 3d ago on Sep 27, 2026· 27m 27s· 8 players
Game mode
Random Map
Map size
Large (8 player)
Population
200
Speed
Normal
Resources
Standard
Victory
Conquest
Starting age
Dark Age
Ending age
Imperial Age
RankedLock teamsTeams togetherTeam positionsShared explorationLock speedFull tech treeHidden civsTurbo modeCheats
Victory
Defeat
🇧🇷 Slavs · Brazil
1137
+13
🇨🇱 Cumans · Chile
1137
+13
🇦🇷 Burmese · Argentina
1124
+14
🇨🇴 Portuguese · Colombia
1092
+15
1121
-15
🇵🇪 Hindustanis · Peru
1083
-14
🇫🇷 Persians · France
1081
-14
🇧🇷 Byzantines · Brazil
1023
-12
Winterfell
0:26 Loom
13:04 Feudal Age
13:38 Man-at-Arms
17:09 Scale Mail Armor
17:20 Forging
viperembobym
6:48 Loom
13:04 Feudal Age
14:35 Horse Collar
14:51 Double-Bit Axe
18:16 Castle Age
17:59 Forging
19:10 Wheelbarrow
26:17 Gold Mining
marshall_o18
0:42 Loom
13:30 Feudal Age
15:55 Man-at-Arms
20:30 Castle Age
26:36 Pikeman
Eyaculador de Poemas
0:26 Loom
12:00 Feudal Age
13:43 Wheelbarrow
13:15 Double-Bit Axe
19:10 Castle Age
19:52 Fletching
20:02 Padded Archer Armor
21:21 Bow Saw
23:08 Chemistry
26:01 Horse Collar
Camikthesr13
0:27 Loom
13:08 Feudal Age
15:21 Double-Bit Axe
15:21 Horse Collar
19:40 Fishing Lines
23:14 Castle Age
21:21 Stone Mining
21:22 Gold Mining
25:50 Town Watch
26:05 Gillnets
27:24 Wheelbarrow
K
1:46 Loom
13:27 Feudal Age
14:56 Double-Bit Axe
17:17 Fletching
19:56 Padded Archer Armor
24:26 Castle Age
24:31 Crossbowman
25:28 Bodkin Arrow
27:14 Wheelbarrow
27:42 Leather Archer Armor
Manu
13:08 Feudal Age
13:40 Loom
14:56 Horse Collar
18:06 Castle Age
16:27 Stone Mining
20:31 Forging
20:27 Scale Barding Armor
25:12 Chain Barding Armor
25:31 Bloodlines
26:20 Husbandry
27:49 Gold Mining
PannaCota5749
11:54 Feudal Age
12:51 Double-Bit Axe
15:34 Man-at-Arms
24:41 Horse Collar
25:54 Fishing Lines
Connection lost

Rejoining the realm…

Still unreachable

The connection could not be restored.

Session expired

The server has moved on; the page needs a fresh start.